 Dungeon Crawl Stone Soup version 0.31-a0-654-gbe3e110b4e (webtiles) character file.

Game seed: 2072940185505514456

133 DrMo the Trooper (level 4, -5/40 HPs)
             Began as a Draconian Monk on Aug 30, 2023.
             Was a Believer of the Shining One.
             Splashed by a jelly's acid (10 damage)
             ... on level 3 of the Dungeon.
             The game lasted 00:03:16 (2070 turns).

DrMo the Trooper (Draconian Monk)                   Turns: 2070, Time: 00:03:18

Health: -5/40      AC:  1    Str: 16    XL:     4   Next: 93%
Magic:  4/4        EV: 12    Int: 10    God:    the Shining One [**....]
Gold:   171        SH:  4    Dex: 13    Spells: 3/3 levels left

rFire   + .          .
                       - Unarmed
rCold   x . .        d - +0 buckler
rNeg    + . .        (body armour unavailable)
rPois   .            (helmet restricted)
rElec   .            (no cloak)
rCorr   .            (no gloves)
SInv    .            (no boots)
Will    .....        (no amulet)
Stlth   +            f - ring of fire
HPRegen 0.26/turn    (no ring)
MPRegen 0.09/turn

%: no passive effects
@: corroded, glowing
A: AC +5, unfitting armour, cold-blooded
a: Renounce Religion, Divine Shield


You were on level 3 of the Dungeon.
You worshipped the Shining One.
The Shining One was pleased with you.
You visited 1 branch of the dungeon, and saw 3 of its levels.

You collected 171 gold pieces.

Inventory:

Armour
 b - an orb of light
 d - a +0 buckler (worn)
Jewellery
 f - a ring of fire (left hand)
Wands
 o - a wand of mindburst (19)
Scrolls
 c - a scroll of torment
 k - a scroll of revelation {unknown}
 l - a scroll of immolation {unknown}
 n - a scroll of teleportation {unknown}
Potions
 a - 2 potions of ambrosia
 e - a potion of berserk rage {unknown}
 g - a potion of mutation {unknown}
 i - a potion of heal wounds {unknown}
 j - a potion of lignification
 m - a potion of resistance {unknown}
 p - a potion of might {unknown}
 q - a potion of brilliance


   Skills:
 + Level 4.2 Fighting
 + Level 3.4 Dodging
 + Level 1.7 Shields
 + Level 3.8 Unarmed Combat
 + Level 0.7 Invocations


You had 3 spell levels left.
You didn't know any spells.
Your spell library contained the following spells:

 Spells                   Type           Power      Damage    Failure   Level
 Sandblast                Erth           0%         2d4       45%         1
 Passwall                 Tmut/Erth      0%         N/A       58%         2
 Stone Arrow              Conj/Erth      0%         3d7       83%         3


Dungeon Overview and Level Annotations

Branches:
Dungeon (3/15)

Altars:
The Shining One


Innate Abilities, Weirdness & Mutations

Your plain brown scales are hard. (AC +5)
You cannot fit into any form of body armour.
You are cold-blooded and may be slowed by cold attacks.


Message History

There is a stone staircase leading up here.
A jelly is nearby!
A jelly is nearby!
You punch the jelly! The acid corrodes you!
Your hands burn!
You tail-slap the jelly, but do no damage.
The jelly is heavily wounded.
The jelly hits you.
You are splashed with acid!
You hit the jelly but do no damage.
Your hands burn!
The jelly is heavily wounded.
The jelly closely misses you.
You hit the jelly.
Your hands burn!
The jelly is severely wounded.
The jelly hits you.
You are splashed with acid!
* * * LOW HITPOINT WARNING * * *
You are too injured to fight recklessly!
You are too injured to fight recklessly!
You are too injured to fight recklessly!
You are too injured to fight recklessly!
You are too injured to fight recklessly!
You are too injured to fight recklessly!
You are too injured to fight recklessly!
You are too injured to fight recklessly!
You are too injured to fight recklessly!
You are too injured to fight recklessly!
You are too injured to fight recklessly!
You are too injured to fight recklessly!
You are too injured to fight recklessly!
You are too injured to fight recklessly!
You are too injured to fight recklessly!
You are too injured to fight recklessly!
You are too injured to fight recklessly!
You are too injured to fight recklessly!
You are too injured to fight recklessly!
You hit the jelly.
Your hands burn!
* * * LOW HITPOINT WARNING * * *
The jelly is almost dead.
The jelly hits you.
* * * LOW HITPOINT WARNING * * *
You are splashed with acid!
You die...

# ##.## #.###.###.###.#. #
#.# #.............#. # #.#
#.....#.......#. # #.#
#.###........... # #.#
###.........)...## #
#.####...............# #
#....<............#..# #
#..###.#####.........# #
#..###@##.........##.# #
##.#.##J##....>....##.# #
##.###.#<##.........##.# #
#.## ##.............##.#
##.###...##.......#....#
######.#.#..(#.......#..#.#
#.......####...J.....#..#.#
#.####...#...###..##......#
#.# ###.#................#


You could see a jelly.

Vanquished Creatures
  Natasha (D:1)
  An iguana (D:3)
  2 adders (D:3)
  A worm (D:2)
  3 dart slugs
  8 endoplasms
  6 goblins
  7 hobgoblins
  2 jackals (D:2)
  A kobold (D:1)
  A quokka (D:1)
  6 ball pythons
  7 bats
  2 frilled lizards
  6 rats
54 creatures vanquished.

Notes
Turn   | Place    | Note
-------+----------+-------------------------------------------
     0 | D:1      | DrMo the Draconian Monk began the quest for the Orb.
     0 | D:1      | Reached XP level 1. HP: 19/19 MP: 1/1
    84 | D:1      | Reached XP level 2. HP: 23/26 MP: 2/2
   508 | D:1      | Reached XP level 3. HP: 24/33 MP: 3/3
   698 | D:2      | Noticed Natasha
   711 | D:1      | Killed Natasha
   712 | D:1      | Reached skill level 1 in Shields
   874 | D:2      | Reached skill level 4 in Fighting
   983 | D:2      | Reached XP level 4. HP: 40/40 MP: 4/4
  1662 | D:3      | Found a glowing golden altar of the Shining One.
  1712 | D:3      | Became a worshipper of the Shining One
  1712 | D:3      | Reached * piety under the Shining One
  1712 | D:3      | Reached ** piety under the Shining One
  2070 | D:3      | Splashed by a jelly's acid

Illustrated notes

Levels and vault maps discovered:
D:1:      mrwooster_arrival_statue, layout_basic, serial_glass, glass_columns_a,
          glass_columns_a
D:2:      layout_basic, bh_walls_and_bars, uniq_natasha
D:3:      layout_loops_ring, mainiacjoe_overflow_brackets, item_on_display_b

Skill      XL: |  1  2  3 |
---------------+----------+-----
Dodging        | 3 |  3.4
Shields        | 1 |  1.7
Fighting       | 4 |  4.2
Unarmed Combat | |  3.8
Invocations    | |  0.7

Action                     |  1- 3 |  4- 6 || total
---------------------------+-------+-------++-------
  Melee: Unarmed           |   118 |    63 ||   181
         Tailslap          |    17 |     7 ||    24
    Use: Scroll            |       |     3 ||     3
   Stab: Sleeping          |     2 |     1 ||     3
 Armour: Skin              |    30 |    16 ||    46
  Dodge: Dodged            |    76 |    35 ||   111
  Block: Buckler           |    14 |    10 ||    24

Table legend: (Time is in decaauts)
 A = Elapsed time spent in this place.
 B = Non-inter-level travel time spent in this place.
 C = Inter-level travel time spent in this place.
 D = Time resting spent in this place.
 E = Time spent auto-exploring this place.
 F = Levels seen in this place.
 G = Mean time per level.
                   A        B        C        D        E       F      G
               +--------+--------+--------+--------+--------+-----+--------+
         Total |   2084 |   2028 |     56 |     81 |   1526 |   3 |  694.7 |
       Dungeon |   2084 |   2028 |     56 |     81 |   1526 |   3 |  694.7 |
               +--------+--------+--------+--------+--------+-----+--------+

Top non-repeatable levels by time:
     D:2: 898 daAuts
     D:1: 746 daAuts
     D:3: 438 daAuts
